 Dungeon Crawl Stone Soup version 0.18-a0-455-gc7d4c65 (webtiles) character file.

47 4thArraOfDagon the Insei (level 3, -7/29 HPs)
             Began as a Mummy Monk on Dec 1, 2015.
             Mangled by an iguana (8 damage)
             ... on level 5 of the Dungeon.
             The game lasted 00:04:06 (820 turns).

4thArraOfDagon the Insei (Mummy Monk)                Turns: 820, Time: 00:04:06

Health: -7/29      AC:  7    Str: 14    XL:     3   Next: 48%
Magic:  3/3        EV: 11    Int:  9    God:
Gold:   77         SH:  0    Dex: 15    Spells: 0 memorised, 2 levels left

rFire  x . .     SeeInvis .       - Unarmed
rCold  + . .     Clarity  .     b - +0 ring mail
rNeg   + + +     SustAt   .     (no shield)
rPois  ∞         Gourm    .     (no helmet)
rElec  .         Spirit   .     (no cloak)
rCorr  .         Dsmss    .     c - +1 pair of gloves
rMut   .         Stasis   .     (no boots)
MR     .....                    (no amulet)
Stlth  +.........               (no ring)
                                (no ring)

@: not resistant to hostile enchantments, very unstealthy
A: no food or potions, fire vulnerability, cold resistance 1, negative energy
resistance 3, torment resistance, unbreathing
a: no special abilities


You were on level 5 of the Dungeon.
You were not hungry.

You visited 1 branch of the dungeon, and saw 5 of its levels.

You collected 77 gold pieces.

Inventory:

Armour
 b - a +0 ring mail (worn)
 c - a +1 pair of gloves (worn)
Scrolls
 a - a scroll of remove curse
 d - a scroll of identify
 e - a scroll of recharging
 g - a scroll of enchant armour


   Skills:
 + Level 3.2 Fighting
 + Level 0.8 Armour
 + Level 2.7 Dodging
 + Level 1.9 Stealth
 * Level 3.6 Unarmed Combat


You had 2 spell levels left.
You didn't know any spells.

Dungeon Overview and Level Annotations

Branches:
Dungeon (5/15)
 Temple: D:4-7

Altars:
Gozag

Shops:
D:4 *!}

Annotations:
D:4 Blork the orc, Robin


Innate Abilities, Weirdness & Mutations

You do not eat or drink.
Your flesh is vulnerable to fire.
You are immune to poison.
Your flesh is cold resistant.
You are immune to negative energy.
You are immune to unholy pain and torment.
You can survive without breathing.


Message History

The iguana is almost dead.
The iguana closely misses you.
You hit the iguana but do no damage.
The iguana is almost dead.
The iguana closely misses you.
You hit the iguana but do no damage.
The iguana is almost dead.
The iguana barely misses you.
Unknown command.
You hit the iguana but do no damage.
The iguana is almost dead.
The iguana bites you but does no damage.
You closely miss the iguana.
The iguana is severely wounded.
The iguana bites you!
* * * LOW HITPOINT WARNING * * *
You barely miss the iguana.
The iguana is severely wounded.
The iguana bites you!
You die...

. .. .. .. . .
.#...
....#####......
#...l@..#
#.......##
#........#
.........#
.##......#
##.....#
##...## .....


You could see an iguana.

Vanquished Creatures
  An orc wizard (D:3)
  An adder (D:3)
  2 orcs (D:3)
  A bat (D:3)
  A giant cockroach (D:2)
  A kobold (D:3)
  A giant newt (D:2)
  A quokka skeleton (D:4)
  A rat (D:3)
10 creatures vanquished.

Notes
Turn   | Place    | Note
--------------------------------------------------------------
     0 | D:1      | 4thArraOfDagon the Mummy Monk began the quest for the Orb.
     0 | D:1      | Reached XP level 1. HP: 18/18 MP: 1/1
   250 | D:4      | Found Zohimu's Gadget Shoppe.
   252 | D:4      | Noticed Blork the orc
   292 | D:4      | Noticed Robin
   381 | D:3      | Noticed a crimson imp
   431 | D:3      | Reached XP level 2. HP: 2/24 MP: 2/2
   603 | D:3      | Reached XP level 3. HP: 18/29 MP: 3/3
   715 | D:4      | Found Maeru's Distillery.
   734 | D:4      | Found an opulent altar of Gozag.
   781 | D:4      | Noticed an ogre
   791 | D:4      | Found Ymnaerob's General Store.
   805 | D:5      | Entered Level 5 of the Dungeon
   819 | D:5      | HP: 1/29 [iguana (8)]
   820 | D:5      | Mangled by an iguana

Vault maps used:
D:1:      tarquinn_simple_flora_water_b, grunt_decor_resistance,
          minmay_surrounded
D:3:      first_bread, minivault_14, minmay_hedge_maze
D:4:      nicolae_gozag_seed_capital, serial_shops, nicolae_shop_trees,
          nicolae_shop_trees, nicolae_shop_window_shopping, shop, shop,
          serial_forest, infiniplex_forest_split, infiniplex_forest_straight_3,
          infiniplex_forest_straight_5, infiniplex_forest_lined_corner,
          infiniplex_forest_lined_room_3, infiniplex_forest_clump_long,
          infiniplex_forest_clump_diagonal, infiniplex_forest_corner_2,
          hangedman_decor_lopped, st_stairs_8, uniq_blork_the_orc, uniq_robin
D:5:      kennysheep_small_square

Action                   || total
-------------------------++-------
Melee: Unarmed           ||    93
  Use: Scroll            ||     6
 Stab: Sleeping          ||     1
